Map: Fields of Death

Players

MattBarry - Winner!

  • Race: Protoss Protoss
  • League: Gold
  • Spawn Location: 7:00

MattBarry - Winner!

  • Race: Zerg Zerg
  • League: Silver
  • Spawn Location: 6:00

Thorni

  • Race: Terran Terran
  • League: Platinum
  • Spawn Location: 12:00

Relay

  • Race: Protoss Protoss
  • League: Gold
  • Spawn Location: 12:00

VOD

Have the link to the VOD?

Description

Time

  • Played on: Jan. 19, 2023, 2:12 a.m.
  • Length: 24:10
Show
View Real Time Build Order
Export as new Build Order

MattBarry Protoss - Winner!

Build Orders: 1 Gate Expand, Oracle Opening 

Get SALT Encoding   

  12  0:00  Probe  
  13  0:12  Probe  
  14  0:18  Pylon  
  14  0:24  Probe  
  15  0:37  Probe (Chrono Boost)  
  15  0:42  Gateway  
  16  0:48  Probe (Chrono Boost)  
  17  0:53  Probe (Chrono Boost)  
  18  1:03  Probe  
  20  1:18  Probe  
  20  1:26  Nexus  
  20  1:29  Assimilator  
  20  1:38  Cybernetics Core  
  20  1:40  Probe  
  20  1:46  Pylon  
  21  1:52  Probe  
  22  2:04  Probe  
  23  2:09  Assimilator  
  23  2:17  Probe  
  23  2:22  Adept, Pylon  
  26  2:24  Warp Gate (Chrono Boost)  
  26  2:29  Probe  
  27  2:37  Probe  
  27  2:40  Forge  
  27  2:42  Gateway  
  28  2:45  Probe  
  29  2:55  Probe  
  29  2:57  Probe  
  31  2:59  Stalker  
  33  3:07  Stargate  
  33  3:10  Probe  
  34  3:13  Probe  
  35  3:23  Probe  
  35  3:25  Probe  
  37  3:35  Stalker, Probe  
  37  3:37  Probe  
  37  3:40  Gateway  
  41  3:45  Gateway  
  41  3:46  Pylon  
  41  3:49  Probe  
  41  3:50  Probe  
  43  3:57  Oracle  
  43  4:01  Assimilator  
  46  4:05  Assimilator  
  46  4:19  Zealot x2  
  46  4:20  Protoss Ground Weapons Level 1 (Chrono Boost)  
  46  4:23  Probe x2  
  52  4:34  Oracle  
  52  4:35  Probe x2  
  57  4:41  Pylon  
  57  4:45  Pylon  
  57  4:47  Probe x2  
  59  4:57  Robotics Facility  
  59  4:59  Pylon, Probe x2  
  61  5:11  Probe x2  
  63  5:21  Nexus  
  63  5:24  Pylon  
  63  5:25  Zealot x2  
  63  5:26  Zealot  
  69  5:30  Probe x2  
  71  6:18  Probe x2  
  73  6:22  Gateway  
  73  6:24  Gateway  
  73  6:26  Forge  
  73  6:29  Robotics Bay  
  73  6:32  Zealot x2  
  75  6:33  Zealot x2  
  75  6:38  Photon Cannon  
  75  6:39  Photon Cannon  
  81  6:43  Photon Cannon  
  81  6:48  Probe x3  
  84  6:55  Observer  
  84  6:56  Phoenix  
  84  7:00  Probe x3  
  90  7:12  Stalker x4  
  94  7:40  Protoss Ground Armor Level 1 (Chrono Boost)  
  94  7:44  Twilight Council  
  94  7:49  Disruptor  
  97  7:51  Probe  
  97  7:52  Probe x2  
  100  8:00  Assimilator  
  100  8:02  Assimilator  
  100  8:03  Probe  
  100  8:04  Probe x2  
  103  8:07  Pylon  
  103  8:13  Gateway  
  103  8:14  Gateway  
  103  8:20  Charge (Chrono Boost), Probe x3  
  106  8:30  Disruptor  
  106  8:32  Probe x2  
  106  8:33  Probe  
  112  8:37  Protoss Ground Weapons Level 2 (Chrono Boost)  
  112  8:41  Stalker x2  
  116  8:50  Pylon  
  116  9:09  Disruptor  
  116  9:10  Nexus  
  116  9:14  Pylon  
  116  9:15  Pylon  
  116  9:16  Pylon  
  115  9:38  Probe x2  
  84  10:22  Stalker x2  
  84  10:23  Stalker x6  
  100  10:42  Disruptor  
  100  10:48  Zealot x6  
  100  10:49  Zealot x2  
  119  11:01  Pylon  
  119  11:02  Pylon  
  119  11:03  Gateway, Pylon  
  119  11:06  Gateway  
  119  11:08  Gateway  
  119  11:10  Gateway, Zealot  
  119  11:11  Zealot x6  
  125  11:12  Zealot, Blink  
  135  11:27  Protoss Ground Weapons Level 3 (Chrono Boost)  
  135  11:36  Protoss Ground Armor Level 2 (Chrono Boost)  
  135  11:37  Zealot x2  
  135  11:38  Zealot x6  
  151  11:41  Nexus  
  151  11:44  Pylon  
  151  11:47  Pylon  
  151  11:49  Pylon  
  151  12:02  Pylon  
  151  12:04  Photon Cannon  
  151  12:06  Photon Cannon  
  151  12:07  Stalker x6  
  151  12:08  Stalker x6  
  175  12:22  Pylon  
  175  12:25  Templar Archives  
  175  12:31  Stalker x7  
  175  12:32  Stalker x4  
  129  13:19  High Templar x5  
  139  13:20  High Templar x6  
  139  13:21  High Templar  
  139  13:23  Archon x3  
  139  13:24  Archon x2  
  147  14:16  Nexus  
  141  14:18  Pylon  
  141  14:20  Pylon  
  126  14:28  Stalker x6  
  126  14:29  Stalker x6  
  145  14:57  Assimilator  
  143  15:00  Assimilator  
  143  15:26  Stalker x4  
  143  15:27  Stalker x7  
  165  15:29  Stalker  
  165  15:43  Psionic Storm  
  165  16:05  Protoss Shields Level 1  
  165  16:07  Protoss Ground Armor Level 3  
  165  16:17  Probe  
  165  16:18  Probe x3  
  153  16:44  Archon  
  96  17:03  Stalker x4  
  96  17:04  Stalker x8  
  116  17:14  Assimilator  
  112  17:16  Disruptor  
  112  17:17  Assimilator  
  115  17:43  Stalker x3  
  115  17:44  Stalker x6  
  123  17:45  Stalker x3  
  123  17:51  Nexus  
  139  17:52  Pylon  
  139  17:53  Pylon  
  139  18:21  Pylon, Stalker x2  
  139  18:22  Stalker x8  
  139  18:23  Stalker x2  
  89  20:00  Zealot x6  
  89  20:01  Zealot x6  
  113  20:08  Assimilator  
  113  20:11  Assimilator  
  113  20:23  Nexus  
  113  20:26  Pylon  
  113  20:27  Pylon  
  113  20:46  Stalker  
  113  20:47  Stalker x6  
  113  20:48  Stalker x2  
  113  20:49  Stalker  
  133  20:50  Stalker x2  
  137  21:11  Probe x3  
  139  21:15  Stalker x5  
  139  21:16  Stalker x5  
  139  21:17  Stalker x2  
  164  21:29  Protoss Shields Level 2  
  164  21:37  Assimilator  
  164  21:41  Assimilator  
  164  21:44  Pylon  
  164  21:47  Pylon  
  143  22:10  Stalker x7  
  143  22:12  Stalker x5  
  167  22:49  Zealot x2  
  171  22:55  Photon Cannon  
  171  22:56  Photon Cannon  
  171  22:58  Photon Cannon  
  145  23:13  Zealot  
  145  23:14  Zealot x7  
  145  23:15  Zealot x3  
  145  23:16  Zealot  
Show
View Real Time Build Order
Export as new Build Order

MattBarry Zerg - Winner!

Build Orders: Hatch First, Brood Lord Corruptor 

Get SALT Encoding   

  12  0:01  Drone  
  13  0:12  Overlord  
  13  0:21  Drone  
  14  0:32  Drone  
  14  0:33  Drone  
  16  0:57  Hatchery  
  15  1:06  Spawning Pool  
  15  1:09  Drone  
  15  1:13  Extractor, Drone  
  15  1:17  Drone  
  16  1:23  Drone  
  17  1:35  Drone  
  18  1:50  Drone  
  19  1:55  Queen  
  21  2:13  Drone x2  
  23  2:20  Metabolic Boost  
  23  2:25  Drone x4  
  27  2:34  Queen, Extractor  
  28  2:38  Overlord  
  28  2:49  Overlord  
  28  3:02  Overlord  
  28  3:06  Queen  
  30  3:15  Drone x3  
  30  3:17  Zergling x4  
  35  3:39  Drone x4  
  35  3:40  Drone x3  
  42  3:44  Overlord x2  
  41  4:23  Extractor  
  40  4:26  Extractor  
  39  4:44  Lair  
  39  4:47  Drone x8  
  39  4:48  Drone  
  48  5:07  Drone x2  
  48  5:08  Drone x4  
  54  5:47  Drone  
  55  6:08  Hatchery  
  54  6:13  Hatchery  
  53  6:27  Spore Crawler  
  53  6:29  Spore Crawler  
  53  6:32  Spore Crawler  
  49  6:34  Spore Crawler  
  49  6:35  Spore Crawler, Drone  
  49  6:36  Drone x7  
  49  6:37  Zergling x2  
  49  6:38  Zergling x8  
  60  6:56  Spire  
  60  7:00  Drone  
  60  7:07  Overlord  
  60  7:08  Overlord x2  
  60  7:10  Overlord  
  59  7:48  Queen  
  61  7:58  Spire  
  60  8:17  Mutalisk x13  
  60  8:18  Mutalisk x6  
  98  8:48  Infestation Pit  
  95  9:32  Hydralisk Den  
  95  9:33  Queen  
  90  10:01  Zergling x12  
  90  10:06  Overlord  
  90  10:07  Overlord x3  
  79  10:21  Hydralisk  
  79  10:22  Hydralisk x7  
  79  10:24  Overlord x2  
  79  10:25  Overlord  
  95  10:45  Zergling x2  
  95  10:46  Zergling x22  
  107  10:54  Hydralisk  
  109  11:02  Muscular Augments  
  109  11:11  Hive  
  109  11:13  Evolution Chamber  
  109  11:14  Evolution Chamber  
  107  11:19  Pathogen Glands  
  107  11:23  Infestor x3  
  113  11:41  Overlord x3  
  113  11:44  Hydralisk  
  113  11:45  Hydralisk x5  
  113  11:46  Zergling x2  
  113  11:47  Zergling x18  
  135  11:58  Extractor  
  135  11:59  Extractor  
  133  12:13  Grooved Spines  
  134  12:30  Drone x6  
  134  12:31  Drone x3, Overlord x4  
  134  12:35  Greater Spire  
  142  12:38  Adrenal Glands  
  142  12:41  Hydralisk  
  142  12:42  Hydralisk x8  
  160  12:45  Zerg Melee Weapons Level 1  
  160  12:47  Zerg Missile Weapons Level 1  
  160  12:50  Evolution Chamber  
  93  13:38  Corruptor  
  93  13:39  Corruptor x4  
  93  13:40  Corruptor x4  
  93  13:41  Corruptor x3  
  95  14:40  Brood Lord x6  
  95  14:42  Brood Lord  
  99  14:54  Brood Lord  
  99  14:58  Corruptor  
  99  14:59  Corruptor x4  
  105  15:00  Corruptor x2  
  113  15:27  Corruptor x2  
  117  15:29  Corruptor x2  
  121  15:39  Hatchery  
  121  15:40  Extractor  
  121  15:41  Hatchery  
  118  15:50  Hatchery  
  105  16:29  Corruptor  
  105  16:30  Corruptor x5  
  105  16:31  Brood Lord  
  105  16:32  Brood Lord  
  95  17:02  Corruptor x4  
  95  17:10  Extractor  
  95  17:13  Drone x2  
  94  17:18  Drone x2  
  94  17:19  Queen  
  98  17:25  Drone  
  98  17:26  Drone x2  
  101  17:45  Corruptor x3  
  101  17:47  Corruptor  
  109  17:59  Queen, Extractor  
  109  18:00  Extractor  
  109  18:02  Corruptor  
  111  18:49  Corruptor  
  111  18:59  Corruptor x3  
  107  19:04  Brood Lord x3  
  101  19:32  Brood Lord  
  101  19:33  Brood Lord x6  
  109  21:14  Corruptor  
  109  21:15  Corruptor x4  
  109  21:16  Corruptor x8  
  135  21:36  Extractor  
  94  21:58  Zergling x2  
  94  21:59  Zergling x38  
  94  22:00  Zergling x62, Extractor  
  94  22:01  Zergling x6  
  147  22:04  Zergling x4  
  149  22:21  Brood Lord  
  149  22:22  Brood Lord x12  
  175  22:25  Brood Lord  
  177  23:18  Queen  
  179  23:27  Queen  
Show
View Real Time Build Order
Export as new Build Order

Thorni Terran 

Build Orders: 2 Factory, Command Center First (CC), Mech 

Get SALT Encoding   

  12  0:00  SCV  
  13  0:12  SCV  
  14  0:18  Supply Depot  
  14  0:25  SCV  
  15  0:40  SCV  
  16  0:52  SCV  
  17  1:02  Command Center  
  17  1:07  SCV  
  18  1:15  Barracks  
  18  1:19  SCV  
  18  1:24  Refinery  
  19  1:31  SCV  
  20  1:35  Refinery  
  20  1:44  SCV  
  21  1:56  SCV  
  22  2:07  Supply Depot  
  22  2:08  SCV  
  22  2:13  Marine  
  24  2:18  Orbital Command  
  24  2:20  Orbital Command  
  24  2:30  Supply Depot  
  24  2:42  Factory  
  24  2:43  Barracks Reactor  
  24  2:47  SCV x2  
  26  2:57  Supply Depot  
  26  3:01  SCV  
  27  3:08  Factory  
  27  3:10  SCV  
  28  3:13  SCV  
  29  3:25  SCV  
  29  3:26  Factory, SCV  
  31  3:37  SCV  
  31  3:38  SCV  
  31  3:40  Starport  
  31  3:41  Hellion x2  
  37  3:49  SCV  
  37  3:50  SCV  
  37  3:55  Factory Tech Lab  
  39  4:01  Engineering Bay  
  39  4:02  SCV x2  
  41  4:14  SCV x2  
  41  4:15  Hellion x2  
  41  4:16  Factory Tech Lab  
  47  4:20  Armory, Siege Tank  
  47  4:22  Starport Reactor  
  50  4:26  SCV x2  
  50  4:28  Refinery  
  52  4:32  Refinery  
  52  4:38  SCV x2  
  52  4:42  Siege Tank, Hellion x2  
  52  4:44  Missile Turret  
  61  4:47  Supply Depot  
  61  5:03  Supply Depot  
  61  5:09  Siege Tank, Medivac  
  61  5:10  Supply Depot  
  66  5:19  Terran Vehicle Weapons Level 1  
  66  5:21  SCV x2  
  68  5:25  Hellion x2  
  72  5:29  Missile Turret  
  72  5:33  SCV x2  
  72  5:35  Supply Depot  
  74  5:39  Siege Tank  
  77  5:46  Armory  
  77  5:47  Supply Depot  
  77  5:58  Missile Turret  
  72  6:08  SCV  
  72  6:11  SCV  
  73  6:20  SCV  
  73  6:22  Missile Turret  
  73  6:23  SCV  
  75  6:32  SCV  
  76  6:33  Thor  
  76  6:35  SCV  
  76  6:36  Terran Vehicle And Ship Armor Level 1  
  76  6:37  Siege Tank  
  86  6:41  Command Center  
  86  6:44  SCV  
  87  6:47  Missile Turret, SCV  
  88  6:56  SCV  
  88  6:59  SCV  
  82  7:13  Missile Turret  
  76  7:32  Viking, Hellion x2  
  76  7:33  Viking, Siege Tank x2  
  88  7:49  Factory  
  88  7:51  Factory  
  88  7:59  Orbital Command  
  88  8:04  Missile Turret  
  88  8:05  Thor x2  
  100  8:14  Viking, Hellion x2  
  100  8:15  Viking  
  100  8:19  Refinery  
  108  8:20  Terran Vehicle Weapons Level 2, Refinery  
  108  8:24  Missile Turret  
  108  8:29  SCV x3  
  111  8:35  Factory Tech Lab  
  111  8:36  Factory Tech Lab  
  111  8:44  Missile Turret  
  111  8:53  Thor  
  117  9:02  Supply Depot  
  117  9:04  Supply Depot  
  117  9:07  Missile Turret  
  117  9:08  Supply Depot  
  117  9:23  Thor  
  123  9:25  Supply Depot  
  123  9:39  Thor  
  123  9:40  Thor  
  123  9:41  Thor  
  123  9:43  Missile Turret  
  141  9:48  Terran Vehicle And Ship Armor Level 2  
  141  10:03  Missile Turret  
  135  10:35  Thor, Hellion x2  
  139  10:36  Terran Ship Weapons Level 1  
  145  10:42  Supply Depot  
  145  10:57  Hellion x2  
  149  11:03  Supply Depot  
  149  11:04  Thor  
  149  11:06  Supply Depot, Command Center  
  155  11:18  Hellion  
  157  11:25  Thor, Hellion  
  165  11:26  Hi-Sec Auto Tracking  
  165  11:27  Supply Depot  
  165  11:28  Thor  
  171  11:39  Hellion  
  173  11:48  Thor, Hellion  
  173  11:50  Supply Depot  
  181  11:56  Command Center  
  181  11:59  Command Center  
  181  12:04  Terran Vehicle Weapons Level 3  
  181  12:08  Missile Turret x2  
  181  12:11  Missile Turret, Viking x2, SCV  
  181  12:12  Supply Depot  
  105  12:22  Orbital Command  
  186  12:23  Neosteel Armor, SCV  
  187  12:30  Missile Turret x2  
  187  12:35  SCV  
  187  12:37  Thor x2  
  188  12:38  Missile Turret  
  200  12:47  SCV  
  147  12:54  Thor x2  
  147  12:55  Hellion x2  
  101  13:08  Command Center  
  91  13:18  Hellion x2  
  91  13:19  Thor  
  95  13:20  Thor  
  95  13:23  Refinery  
  95  13:24  Refinery  
  107  13:36  Thor  
  104  13:46  Hellion  
  104  13:47  Siege Tank, Hellion  
  103  14:02  Siege Tank  
  103  14:03  Siege Tank  
  99  14:19  Siege Tank x2  
  84  14:30  Hellion  
  84  14:31  Hellion  
  59  14:35  Siege Tank x2  
  58  14:47  Orbital Command  
  58  14:50  Orbital Command  
  58  14:51  Siege Tank  
  58  14:52  Siege Tank  
  65  15:07  Siege Tank  
  65  15:16  Thor  
  65  15:21  Hellion x2  
  75  15:23  Siege Tank  
  75  15:24  Siege Tank  
  81  15:38  Thor  
  81  15:42  SCV  
  88  15:44  SCV  
  88  15:49  Viking x2  
  93  15:54  SCV  
  93  15:55  Thor  
  93  15:56  SCV  
  101  16:06  SCV  
  101  16:08  SCV  
  96  16:18  SCV  
  93  16:20  SCV  
  93  16:30  SCV  
  88  16:32  SCV  
  65  16:49  Thor  
  65  16:50  Siege Tank  
  65  16:51  Hellion  
  65  16:52  Hellion  
  57  17:07  Siege Tank  
  54  17:13  Hellion x2  
  58  17:20  Refinery  
  58  17:21  SCV  
  58  17:22  Refinery  
  59  17:24  Refinery  
  59  17:25  Refinery  
  59  17:27  Command Center  
  59  17:33  SCV  
  59  17:34  Hellion x2  
  64  17:45  SCV  
  65  17:55  Hellion  
  65  17:56  Hellion  
  65  17:57  SCV  
  70  18:04  Thor x2  
  82  18:09  SCV, Siege Tank  
  86  18:17  Hellion x2  
  86  18:19  Supply Depot  
  90  18:34  Thor  
  96  18:38  Hellion  
  96  18:39  Hellion  
  100  18:42  Supply Depot  
  100  18:46  Thor  
  106  18:48  Refinery  
  106  18:49  Refinery  
  86  19:05  Supply Depot  
  82  19:15  Siege Tank  
  82  19:16  Thor x2  
  97  19:18  Hellion  
  97  19:19  Hellion  
  101  19:28  Supply Depot  
  94  19:34  Orbital Command  
  90  19:40  Hellion x2  
  90  19:41  Siege Tank  
  88  19:59  Thor  
  91  20:00  SCV  
  91  20:01  Hellion x2  
  96  20:07  Viking  
  96  20:08  Viking  
  96  20:12  SCV  
  99  20:23  Hellion x2  
  99  20:24  SCV  
  86  20:37  Viking, SCV  
  86  20:38  Viking  
  89  20:44  Hellion x2  
  89  20:49  SCV x2  
  95  20:58  Thor  
  95  21:01  SCV  
  102  21:05  Thor  
  102  21:07  Viking  
  102  21:09  Thor  
  116  21:14  SCV  
  117  21:21  Thor  
  123  21:26  SCV  
  124  21:38  SCV  
  67  22:11  Siege Tank x2  
  67  22:12  Siege Tank  
  67  22:13  Hellion  
  67  22:14  Hellion  
  74  22:18  Siege Tank  
  77  22:34  Hellion  
  77  22:35  Hellion  
  56  22:56  Hellion  
  56  22:57  Hellion  
  29  23:17  Hellion, Siege Tank  
  29  23:18  Hellion  
  36  23:20  SCV  
  37  23:32  SCV  
  38  23:39  Hellion  
  38  23:40  Hellion  
  42  23:44  SCV  
  19  23:56  SCV  
Show
View Real Time Build Order
Export as new Build Order

Relay Protoss 

Build Orders: Nexus First, Carriers 

Get SALT Encoding   

  12  0:00  Probe (Chrono Boost)  
  13  0:56  Nexus  
  13  1:00  Pylon  
  13  1:10  Probe  
  14  1:23  Gateway  
  14  1:25  Probe  
  15  1:38  Probe (Chrono Boost)  
  16  1:50  Probe (Chrono Boost)  
  17  1:56  Probe (Chrono Boost)  
  18  2:09  Assimilator  
  18  2:10  Probe (Chrono Boost)  
  19  2:18  Pylon  
  19  2:19  Probe (Chrono Boost)  
  19  2:20  Zealot  
  22  2:24  Probe (Chrono Boost)  
  23  2:34  Cybernetics Core  
  23  2:46  Zealot (Chrono Boost)  
  23  2:47  Pylon  
  25  2:55  Probe  
  26  3:07  Assimilator, Probe  
  26  3:12  Assimilator  
  27  3:14  Gateway  
  27  3:16  Forge, Stalker  
  27  3:19  Probe  
  30  3:34  Probe (Chrono Boost)  
  30  3:35  Warp Gate (Chrono Boost)  
  31  3:44  Probe (Chrono Boost)  
  32  3:49  Assimilator, Probe (Chrono Boost)  
  32  3:51  Zealot  
  35  4:01  Probe  
  32  4:22  Stalker (Chrono Boost)  
  34  4:26  Probe  
  34  4:29  Probe  
  36  4:38  Sentry (Chrono Boost), Probe  
  39  4:41  Probe  
  40  4:50  Probe  
  40  4:51  Stargate  
  41  4:53  Probe  
  41  4:54  Stalker  
  41  4:55  Twilight Council  
  41  4:58  Stalker  
  46  5:15  Probe  
  46  5:16  Protoss Ground Weapons Level 1  
  47  5:27  Probe  
  48  5:33  Oracle (Chrono Boost)  
  48  5:39  Probe  
  48  5:42  Gateway  
  52  5:47  Stalker x2  
  46  6:27  Blink (Chrono Boost)  
  46  6:29  Photon Cannon  
  46  6:32  Phoenix, Shield Battery  
  48  6:34  Probe (Chrono Boost)  
  49  6:43  Pylon  
  49  6:44  Probe (Chrono Boost)  
  50  6:47  Shield Battery  
  50  6:49  Probe (Chrono Boost)  
  50  6:51  Templar Archives, Pylon  
  51  6:56  Stalker  
  53  7:06  Pylon  
  53  7:07  Pylon  
  53  7:08  Pylon  
  53  7:20  Photon Cannon  
  53  7:22  Shield Battery  
  53  7:23  Probe (Chrono Boost)  
  53  7:24  Pylon  
  53  7:28  Psionic Storm  
  54  7:32  Probe (Chrono Boost)  
  55  7:55  Probe  
  56  8:01  High Templar  
  56  8:05  Stalker  
  60  8:07  Zealot, Probe  
  63  8:16  Phoenix  
  66  8:20  Probe  
  66  8:32  Probe (Chrono Boost)  
  67  8:44  Probe (Chrono Boost)  
  67  8:45  Nexus  
  67  8:48  Pylon  
  68  8:53  Probe (Chrono Boost)  
  68  8:55  Probe (Chrono Boost)  
  72  9:02  Probe (Chrono Boost)  
  72  9:03  Probe (Chrono Boost)  
  72  9:07  Probe (Chrono Boost)  
  67  9:54  High Templar x3  
  56  10:21  Phoenix (Chrono Boost)  
  58  10:37  Phoenix (Chrono Boost)  
  58  10:38  Stalker x2  
  58  10:39  Stalker  
  58  10:42  Nexus  
  66  10:54  Protoss Air Weapons Level 1 (Chrono Boost)  
  66  10:56  Nexus  
  66  10:57  Fleet Beacon  
  66  11:00  Gateway  
  66  11:06  Zealot x3  
  66  11:07  Charge (Chrono Boost)  
  66  11:09  Pylon  
  72  11:15  Phoenix (Chrono Boost)  
  74  11:21  Probe  
  74  11:23  Probe  
  76  11:33  Probe  
  76  11:35  Protoss Ground Armor Level 1 (Chrono Boost), Probe  
  72  11:41  Forge  
  72  11:45  Probe  
  73  11:47  Probe  
  73  11:49  High Templar x2  
  73  11:50  High Templar  
  80  11:57  Probe  
  80  11:59  Probe  
  82  12:03  Carrier  
  82  12:04  Anion Pulse-Crystals (Chrono Boost)  
  88  12:09  Probe (Chrono Boost)  
  88  12:13  Probe (Chrono Boost)  
  90  12:20  Probe (Chrono Boost)  
  91  12:25  Probe (Chrono Boost)  
  93  12:30  Assimilator, Probe (Chrono Boost)  
  93  12:33  Probe (Chrono Boost)  
  93  12:36  Pylon, Probe (Chrono Boost)  
  95  12:38  Probe (Chrono Boost)  
  95  12:43  Assimilator  
  95  12:44  Assimilator  
  96  12:46  Probe  
  96  12:50  Probe  
  94  12:58  Probe  
  94  13:02  Probe  
  90  13:12  Stalker x2  
  82  13:13  Stalker x2  
  76  13:42  Stalker x4  
  76  13:46  Carrier  
  84  14:00  Gateway  
  78  14:04  Gateway  
  78  14:05  Gateway  
  78  14:06  Protoss Air Armor Level 1  
  78  14:11  Probe (Chrono Boost)  
  79  14:20  Probe (Chrono Boost)  
  72  14:25  Probe (Chrono Boost)  
  72  14:26  Zealot  
  72  14:27  Zealot x3  
  77  14:37  Probe  
  67  14:48  Carrier (Chrono Boost)  
  67  14:49  Zealot x2, Probe  
  67  14:50  Zealot x2  
  80  15:05  Zealot  
  80  15:06  Zealot x2  
  84  15:11  High Templar x3  
  84  15:12  High Templar  
  79  15:23  Stalker  
  79  15:24  Stalker x2  
  76  15:38  High Templar x2  
  80  15:49  Carrier (Chrono Boost)  
  86  15:55  Zealot  
  86  15:56  Zealot x4  
  68  16:35  Stalker x6  
  68  16:36  Stalker  
  82  16:47  Carrier (Chrono Boost)  
  60  17:10  Zealot x4  
  60  17:11  Zealot x3  
  74  17:37  Carrier  
  80  17:53  Nexus  
  80  18:07  High Templar  
  80  18:08  High Templar x2  
  80  18:10  High Templar  
  88  18:21  High Templar x2  
  88  18:22  High Templar  
  94  18:28  Archon  
  94  18:31  Pylon  
  94  18:36  Assimilator x2  
  31  19:21  Stalker x3  
  31  19:22  Stalker x3  
  33  19:41  Probe (Chrono Boost)  
  25  19:51  Probe (Chrono Boost)  
  25  19:56  Probe (Chrono Boost)  
  26  20:04  Probe  
  27  20:07  Probe  
  28  20:19  Probe (Chrono Boost)  
  28  20:20  Probe (Chrono Boost)  
  30  20:30  Probe (Chrono Boost)  
  30  20:35  Probe (Chrono Boost)  
  32  20:45  Stargate  
  32  21:08  Stalker  
  34  21:27  Carrier (Chrono Boost)  
  34  22:11  Stalker x3  
  40  22:35  Carrier  
  46  23:05  Stalker  
  48  23:06  Stalker  
  50  23:26  Probe (Chrono Boost)  
  51  23:28  Stargate  
  51  23:35  Probe (Chrono Boost)  
  52  23:48  Zealot x3  
  56  23:49  Zealot  
Tags
 
Add a new tag
Caveats
  • Supply blocks, unpowered buildings, or Contaminate may cause inaccurate times.
  • Supply counts are checked every 10 seconds.